 Dungeon Crawl Stone Soup version 0.19.4-8-ga85b6b9 (webtiles) character file.

468 Chiseanne the Magician (level 6, 0/41 HPs)
             Began as a Demonspawn Wizard on Feb 10, 2017.
             Slain by an ogre
             ... wielding a +0 giant spiked club
              (19 damage)
             ... on level 4 of the Dungeon.
             The game lasted 00:10:22 (3479 turns).

Chiseanne the Magician (Demonspawn Wizard)          Turns: 3479, Time: 00:10:23

Health: 0/41       AC:  9    Str:  7    XL:     6   Next: 81%
Magic:  4/14       EV: 12    Int: 21    God:
Gold:   115        SH:  0    Dex: 12    Spells: 5 memorised, 5 levels left

rFire  . . .     SeeInvis .     f - +5 hunting sling
rCold  . . .     Gourm    .     a - +0 robe
rNeg   . . .     Faith    .     (no shield)
rPois  .         Spirit   .     b - +0 hat
rElec  +         Reflect  .     (no cloak)
rCorr  .         Harm     .     v - +0 pair of gloves
MR     .....                    B - +1 pair of boots (curse)
Stlth  ++........               (no amulet)
                                (no ring)
                                (no ring)

@: no status effects
A: antennae 1, thin metallic scales 3
a: no special abilities


You were on level 4 of the Dungeon.
You were not hungry.

You visited 1 branch of the dungeon, and saw 4 of its levels.

You collected 115 gold pieces.

Inventory:

Hand Weapons
 f - a +5 hunting sling (weapon)
 j - a +0 club
 o - a +0 hand axe
Missiles
 e - 214 stones
 s - 15 arrows
 t - 10 sling bullets (quivered)
 w - 23 bolts
 z - 19 poisoned needles
Armour
 a - a +0 robe (worn)
 b - a +0 hat (worn)
 v - a +0 pair of gloves (worn)
 B - a cursed +1 pair of boots (worn)
Scrolls
 k - a scroll of amnesia {unknown}
 n - a scroll of teleportation
 y - a scroll of remove curse
Potions
 g - a potion of cancellation
 m - a potion of resistance {unknown}
 p - a potion of flight {unknown}
 q - 2 potions of cure mutation
Books
 c - a book of Minor Magic

   Spells                             Type                      Level
   a - Magic Dart                     Conjuration                  1
   b - Blink                          Translocation                2
   c - Call Imp                       Summoning                    2
   d - Repel Missiles                 Charms/Air                   2
   e - Slow                           Hexes                        2
   f - Conjure Flame                  Conjuration/Fire             3
   g - Mephitic Cloud                 Conjuration/Poison/Air       3
Comestibles
 d - 4 bread rations
 h - 2 meat rations
 i - 6 chunks of flesh
 r - a beef jerky


   Skills:
 - Level 1.7 Dodging
 - Level 1.7 Stealth
 * Level 5.5 Spellcasting
 * Level 5.0 Conjurations
   Level 1.0 Summonings
 - Level 0.8 Translocations


You had 5 spell levels left.
You knew the following spells:

 Your Spells              Type           Power        Failure   Level  Hunger
a - Magic Dart            Conj           ####         1%          1    None
b - Conjure Flame         Conj/Fire      ###.....     14%         3    ##.....
c - Blink                 Tloc           N/A          12%         2    None
d - Mephitic Cloud        Conj/Pois/Air  ##......     17%         3    ##.....
e - Repel Missiles        Chrm/Air       #.....       17%         2    None


Dungeon Overview and Level Annotations

Branches:
Dungeon (4/15)             Temple (0/1) D:4

Altars:


Innate Abilities, Weirdness & Mutations

You have a pair of small antennae on your head.
You are completely covered in thin metallic scales. (AC +4, rElec)


Message History

You feel a bit more experienced.
Found a leather armour.
You feel much better. The ogre barely misses you.
Firing (i - inventory. (,) - cycle):
t - 11 sling bullets (quivered)
Press: ? - help, Shift-Dir - straight line, f - ogre
Aim: an ogre, wielding a giant spiked club You shoot a sling bullet.
The sling bullet hits the ogre.
The ogre is lightly wounded.
The orc hits you from afar with a trident.
The ogre hits you with a giant spiked club!
Found a scroll labeled CYLECE VUTIYZO AZE.
You see here a scroll labeled CYLECE VUTIYZO AZE.
k - a scroll labeled CYLECE VUTIYZO AZE The orc wizard mumbles some strange words.
The orc wizard flickers and vanishes!
Your magical contamination has completely faded away.
An ogre comes into view. It is wielding a giant club.
The ogre shouts!
The ogre hits you with a giant spiked club!!
You die...

#.....## .......##
.. .#
......O.####.#..
#.###
...o...('.(..(#.
....
.......o####(..>
...# .......##
..#.#...# #.....##
#.#...#.# ##...##
#.......# ##'##
#.##@.# #(#
#...O.# #)#
####.## ##.## #.#
##...## #.#
#....o# #######.#
......####.{.....#
......##.o....####
......##.#.##.#


You could see an ogre.

Vanquished Creatures
  An ogre (D:4)
  The ghost of lanroth the Chucker, an amateur HaHu (D:3)
  An orc wizard (D:3)
  An iguana (D:4)
  12 gnolls
  A howler monkey skeleton (D:3)
  3 adders (D:3)
  2 oozes
  2 worms (D:2)
  A dart slug (D:3)
  2 leopard geckos (D:3)
  7 orcs
  2 ball pythons (D:3)
  9 bats
  3 giant cockroaches
  7 goblins
  4 hobgoblins
  5 jackals
  14 kobolds
  2 quokkas
  3 frilled lizards
  9 rats
92 creatures vanquished.

Notes
Turn   | Place    | Note
-------+----------+-------------------------------------------
     0 | D:1      | Chiseanne the Demonspawn Wizard began the quest for the Orb.
     0 | D:1      | Reached XP level 1. HP: 13/13 MP: 4/4
   113 | D:1      | Gained mutation: You are partially covered in thin metallic scales. (AC +2) [demonic ancestry]
   113 | D:1      | Reached XP level 2. HP: 19/19 MP: 1/6
   654 | D:2      | Reached XP level 3. HP: 24/24 MP: 8/8
   811 | D:2      | Gained mutation: You are mostly covered in thin metallic scales. (AC +3) [demonic ancestry]
   811 | D:2      | Reached XP level 4. HP: 30/30 MP: 0/10
  1149 | D:2      | Learned a level 3 spell: Mephitic Cloud
  1153 | D:2      | Learned a level 3 spell: Conjure Flame
  1156 | D:2      | Learned a level 2 spell: Blink
  1159 | D:2      | Learned a level 2 spell: Repel Missiles
  1621 | D:3      | Gained mutation: You have a pair of small antennae on your head. [demonic ancestry]
  1621 | D:3      | Reached XP level 5. HP: 33/35 MP: 0/11
  1876 | D:3      | Found a faded altar of an unknown god.
  1933 | D:3      | Noticed lanroth's ghost (amateur HaHu)
  1954 | D:3      | Killed lanroth's ghost
  2176 | D:3      | Gained mutation: You are completely covered in thin metallic scales. (AC +4, rElec) [demonic ancestry]
  2176 | D:3      | Reached XP level 6. HP: 9/41 MP: 0/13
  2639 | D:3      | Reached skill level 5 in Spellcasting
  3323 | D:4      | Reached skill level 5 in Conjurations
  3476 | D:4      | Found a staircase to the Ecumenical Temple.
  3479 | D:4      | Slain by an ogre

Skill      XL: |  1  2  3  4  5  6 |
---------------+-------------------+-----
Conjurations   | 2 3 4 5 |  5.0
Spellcasting   | 4 5 |  5.5
Dodging        | |  1.7
Stealth        | |  1.7
Summonings     | |  1.0
Translocations | |  0.8

Action                   |  1- 3 |  4- 6 || total
-------------------------+-------+-------++-------
 Fire: Hunting sling     |    52 |    79 ||   131
 Cast: Magic Dart        |    17 |   127 ||   144
       Mephitic Cloud    |       |     3 ||     3
       Conjure Flame     |       |     2 ||     2
       Blink             |       |     2 ||     2
  Use: Scroll            |     4 |     7 ||    11
       Potion            |       |     2 ||     2
  Eat: Chunk             |       |     8 ||     8
Armor: Robe              |     2 |    29 ||    31
Dodge: Dodged            |     5 |    44 ||    49
